 Dungeon Crawl Stone Soup version 0.28-a0-895-g6e5f11bd55 (webtiles) character file.

Game seed: 17894299499664153784

654 orbtoucher the Bolt Thrower (level 7, 41/41 HPs)
             Began as a Kobold Arcane Marksman on Nov 22, 2021.
             Was an Initiate of Wu Jian.
             Quit the game on level 5 of the Dungeon.
             The game lasted 00:18:50 (7302 turns).

orbtoucher the Bolt Thrower (KoAM)                  Turns: 7302, Time: 00:18:51

Health: 41/41      AC:  5    Str:  8    XL:     7   Next: 84%
Magic:  8/8        EV: 13    Int: 16    God:    Wu Jian [......]
Gold:   162        SH:  0    Dex: 15    Spells: 7/8 levels left

rFire   . . .      SeeInvis .   a - +2 hand crossbow
rCold   . . .      Faith    .   (shield restricted)
rNeg    . . .      Spirit   .   d - +0 ring mail
rPois   .          Reflect  .   (no helmet)
rElec   .          Harm     .   (no cloak)
rCorr   .          Rampage  .   (no gloves)
Will    .....                   (no boots)
Stlth   +++.......              (no amulet)
HPRegen 0.13/turn               (no ring)
MPRegen 0.11/turn               (no ring)

@: no status effects
A: small, no large weapons, nightstalker 3
a: Renounce Religion


You were on level 5 of the Dungeon.
You worshipped Wu Jian.
Wu Jian was noncommittal.
You visited 1 branch of the dungeon, and saw 5 of its levels.

You collected 162 gold pieces.

Inventory:

Hand Weapons
 a - a +2 hand crossbow (weapon)
 b - a +2 dagger of holy wrath
Missiles
 c - 27 bolts (quivered ammo)
 f - 97 stones
 m - 15 poisoned darts
Armour
 d - a +0 ring mail (worn)
 i - a +0 leather armour
Scrolls
 e - a scroll of fog
 k - a scroll of teleportation
 l - a scroll of identify {unknown}
 o - a scroll of vulnerability {unknown}
 q - a scroll of noise {unknown}
 r - 2 scrolls of blinking {unknown}
Potions
 g - a potion of cancellation {unknown}
 n - a potion of attraction
 p - a potion of curing {unknown}


   Skills:
 + Level 3.1 Fighting
 * Level 5.3 Short Blades
 * Level 5.6 Crossbows
 + Level 4.2 Dodging
 + Level 4.1 Stealth
 - Level 1.1 Spellcasting
 - Level 3.0 Hexes


You had 7 spell levels left.
You knew the following spells:

 Your Spells              Type           Power      Damage    Failure   Level
a - Slow                  Hex            40%        N/A       21%         1

Your spell library contained the following spells:

 Spells                   Type           Power      Damage    Failure   Level
 Beastly Appendage        Tmut           0%         N/A       56%         1
 Corpse Rot               Necr/Air       0%         N/A       71%         2
 Wereblood                Tmut           0%         N/A       71%         2
 Inner Flame              Hex/Fire       5%         N/A       75%         3
 Portal Projectile        Hex/Tloc       10%        N/A       75%         3
 Cause Fear               Hex            5%         N/A       90%         4
 Conjure Flame            Conj/Fire      0%         6-21      91%         3
 Ignite Poison            Fire/Tmut/Pois 0%         N/A       91%         3
 Spider Form              Tmut/Pois      0%         N/A       91%         3
 Dispel Undead            Necr           0%         3d6       100%        4
 Sticky Flame             Conj/Fire      0%         2d3       100%        4
 Conjure Ball Lightning   Conj/Air       0%         3x3d6     100%        6
 Death Channel            Necr           0%         N/A       100%        6
 Discord                  Hex            5%         N/A       100%        8
 Disjunction              Tloc           0%         N/A       100%        8


Dungeon Overview and Level Annotations

Branches:
Dungeon (5/15)
 Temple: D:4-7

Altars:
Ashenzari
Elyvilon
Nemelex Xobeh
Qazlal
Trog
Wu Jian
The Shining One

Annotations:
D:4 exclusion: ogre


Innate Abilities, Weirdness & Mutations

You are small and have problems with some larger weapons.
You are completely attuned to the shadows.


Message History

You shoot a bolt. The bolt hits the ogre!
The ogre is almost dead.
The ogre closely misses you.
You shoot a bolt. The bolt hits the ogre.
You kill the ogre!
The Council accepts your kill. The ogre misses you.
Your Fighting skill increases to level 3!
Your Short Blades skill increases to level 5!
Your Dodging skill increases to level 4!
You shoot a bolt. The bolt hits the ogre!
The ogre is moderately wounded.
The ogre hits you with a +0 giant club!!
Ouch! That really hurt!
You are too injured to fight recklessly!
You are too injured to fight recklessly!
You are too injured to fight recklessly!
You are too injured to fight recklessly!
You are too injured to fight recklessly!
You are too injured to fight recklessly!
Fire: 29 bolts
Press: ? - help, Q - select action, (/) - cycle Shift-Dir - straight line, f/p - ogre
Aim: an ogre, wielding a +0 giant club (moderately wounded, 79% to hit)
You shoot a bolt. The bolt hits the ogre!
The ogre is severely wounded.
Fire: 28 bolts
Press: ? - help, Q - select action, (/) - cycle Shift-Dir - straight line, f/p - ogre
Aim: an ogre, wielding a +0 giant club (severely wounded, 79% to hit)
You shoot a bolt. The bolt hits the ogre!
You kill the ogre!
The Council accepts your kill.
Your Stealth skill increases to level 4!
Unknown command.
Are you sure you want to abandon this character and quit the game? (Confirm with "yes".)
Okay, then.
Unknown command.
You start resting.
HP restored.
Unknown command.
Are you sure you want to abandon this character and quit the game? (Confirm with "yes".)

**,*****,,,,,,*#.# *******,,,,
,,,,,,,*,,,,,,*#.# *,,,,
,,,,,,,**,######.# *,,,,
,,,,,,,,,........# ***,*
,,,,,,,**#.##....# *,* ,,,,,,,*
#..#....# *,* ,,,,,,,* *#.#....#
*,* ######## #..###(# ******,*
.......#####.###@# *,,,,,,,
.................# *,,,,,,,
.......######.##.#### *,,,,,,,
##.#................# *,,,,,,,
#.#.########..#.##.# ******,*
#.#.#,,,,,....#.##.######*****,*
#.#.#,***####.#.##.#.....,,,,,,,
#.#.#,* #...##.#.####**,,,,,
#.#.#,* #...##.#.#####*,,,,,


There were no monsters in sight!

Vanquished Creatures
  2 ogres (D:5)
  A scorpion (D:5)
  A bullfrog (D:5)
  A water moccasin skeleton (D:5)
  2 hounds
  2 orc priests
  A jelly (D:4)
  An iguana (D:4)
  A hound skeleton (D:4)
  3 adders
  5 dart slugs
  10 orcs
  6 endoplasms
  4 giant cockroaches
  5 hobgoblins
  11 jackals
  7 kobolds
  5 ball pythons
  4 bats
  5 frilled lizards
  7 goblins
  6 rats
90 creatures vanquished.

Vanquished Creatures (others)
  35 plants (D:4)
35 creatures vanquished.

Grand Total: 125 creatures vanquished

Notes
Turn   | Place    | Note
-------+----------+-------------------------------------------
     0 | D:1      | orbtoucher the Kobold Arcane Marksman began the quest for
                  | the Orb.
     0 | D:1      | Reached XP level 1. HP: 12/12 MP: 2/2
   281 | D:1      | Reached XP level 2. HP: 16/16 MP: 3/3
   619 | D:1      | Reached skill level 1 in Stealth
   854 | D:1      | Reached skill level 1 in Short Blades
   854 | D:1      | Reached XP level 3. HP: 12/20 MP: 4/4
  2722 | D:2      | Reached XP level 4. HP: 24/25 MP: 5/5
  3187 | D:2      | Found a stormy altar of Qazlal.
  4751 | D:4      | Reached XP level 5. HP: 29/30 MP: 6/6
  5501 | D:4      | Reached XP level 6. HP: 35/35 MP: 7/7
  5539 | D:4      | Found a stormy altar of Qazlal.
  5645 | D:4      | Noticed an ogre
  5687 | D:4      | Noticed an ogre
  6095 | D:5      | Entered Level 5 of the Dungeon
  6248 | D:5      | Noticed an ogre
  6824 | D:5      | Reached XP level 7. HP: 40/40 MP: 8/8
  6831 | D:5      | Reached skill level 5 in Crossbows
  6951 | D:5      | Found a glowing golden altar of the Shining One.
  6952 | D:5      | Found a sparkling altar of Nemelex Xobeh.
  6954 | D:5      | Found a bloodstained altar of Trog.
  6954 | D:5      | Found a white marble altar of Elyvilon.
  6956 | D:5      | Found a broken altar of Ashenzari.
  6956 | D:5      | Found an ornate altar of the Wu Jian Council.
  6963 | D:5      | Became a worshipper of the Wu Jian Council
  7109 | D:5      | Reached skill level 5 in Short Blades
  7302 | D:5      | Quit the game

Illustrated notes

Levels and vault maps discovered:
D:1:      mrwooster_arrival_arrow, layout_basic
D:2:      layout_rooms, basic_altar, chequers_mini_garden
D:3:      layout_basic, hangedman_abyss_or_decor_lesser_grid, dk_noncrumbling_3
D:4:      layout_basic, kennysheep_mini_moat, serial_bayou, serial_bayou_pond_e,
          serial_bayou_shore_b, serial_bayou_pond_b, serial_bayou_lagoon_b,
          minmay_bisected
D:5:      layout_basic, mainiacjoe_overflow_alcove_2,
          grunt_temple_overflow_open, uniq_duvessa

Skill      XL: |  1  2  3  4  5  6  7 |
---------------+----------------------+-----
Stealth        | 1 2 3 4 |  4.1
Crossbows      | 3 4 5 |  5.6
Short Blades   | 1 2 3 4 5 |  5.3
Dodging        | 3 4 |  4.2
Fighting       | 2 3 |  3.1
Spellcasting   | |  1.1
Hexes          | |  3.0

Action                   |  1- 3 |  4- 6 |  7- 9 || total
-------------------------+-------+-------+-------++-------
Melee: Short sword       |    68 |       |       ||    68
       Dagger            |       |   104 |       ||   104
 Fire: Hand crossbow     |    67 |    63 |    26 ||   156
Throw: Stone             |     1 |       |       ||     1
  Use: Scroll            |     2 |     3 |       ||     5
       Potion            |       |     4 |       ||     4
 Stab: Sleeping          |     1 |     3 |       ||     4
Armor: Robe              |    13 |       |       ||    13
       Ring mail         |    13 |    36 |     2 ||    51
       Skin              |       |    16 |       ||    16
Dodge: Dodged            |    73 |    75 |    20 ||   168

Table legend: (Time is in decaauts)
 A = Elapsed time spent in this place.
 B = Non-inter-level travel time spent in this place.
 C = Inter-level travel time spent in this place.
 D = Time resting spent in this place.
 E = Time spent auto-exploring this place.
 F = Levels seen in this place.
 G = Mean time per level.
                   A        B        C        D        E       F      G
               +--------+--------+--------+--------+--------+-----+--------+
         Total |   7341 |   6974 |    367 |   3267 |   2386 |   5 | 1468.2 |
       Dungeon |   7341 |   6974 |    367 |   3267 |   2386 |   5 | 1468.2 |
               +--------+--------+--------+--------+--------+-----+--------+

Top non-repeatable levels by time:
     D:1: 2219 daAuts
     D:2: 1370 daAuts
     D:3: 1316 daAuts
     D:4: 1266 daAuts
     D:5: 1169 daAuts
